 Dungeon Sprint DCSS version 0.17.1-3-g152610e (webtiles) character file.

13377 Kokonut the Warrior (level 11, -7/108 HPs)
             Began as a Minotaur Berserker on Mar 28, 2016.
             Was the Champion of Trog.
             Killed by drain life
             ... invoked by a soul eater
              (14 damage)
             ... in the Dungeon (Sprint V: "Ziggurat Sprint").
             The game lasted 00:18:01 (1238 turns).

Kokonut the Warrior (Minotaur Berserker)            Turns: 1238, Time: 00:18:02

Health: -7/108     AC: 32    Str: 19    XL:     11   Next: 74%
Magic:  8/8        EV: 11    Int:  8    God:    Trog [******]
Gold:   0          SH:  0    Dex:  9    Spells: 0 memorised, 10 levels left

rFire  + . .     SeeInvis +     K - +14 plutonium sword {*Contam Stlth-}
rCold  . . .     Clarity  .     L - +15 Maxwell's patent armour {-Cast -Tele rElec MR+ rCorr}
rNeg   . . .     SustAt   +     (shield currently unavailable)
rPois  +         Gourm    .     (helmet restricted)
rElec  +         Spirit   .     (no cloak)
rCorr  +         Warding  .     (no gloves)
rMut   .         NoTele   +     (no boots)
MR     +++++     NoCast   +     (no amulet)
Stlth  ..........               T - ring "Situe" {SustAt -Tele rPois MR++ Str+2}
                                V - ring "Buefot" {rPois rF+ MR+ Int+2 Dex-3 SInv}

@: regenerating, almost entirely resistant to hostile enchantments, extremely
unstealthy
A: retaliatory headbutt, horns 2, frail 1, low mp 1, weak 2
a: Berserk, Trog's Hand, Brothers in Arms, Burn Spellbooks, Renounce Religion


You were in the Dungeon.
You worshipped Trog.
Trog was exalted by your worship.
You were not hungry.

You visited 1 branch

Inventory:

Hand Weapons
 K - the +14 plutonium sword (weapon) {*Contam Stlth-}
   (You found it in the Dungeon)

   It causes magical contamination when unequipped.
   It makes you less stealthy.
 M - the +5 rapier "Niryll" {pierce, +Blink +Inv +Fly rC-}
   (You found it in the Dungeon)

   It inflicts extra damage upon your enemies.
   It makes you vulnerable to cold.
   It lets you turn invisible.
   It lets you fly.
   It lets you blink.
 R - the +10 great sword "Bipeumo" {slice, SInv, unknown}
   (Trog gifted it to you in the Dungeon)

   It inflicts extra damage upon your enemies.
   It lets you see invisible.
Armour
 a - the +9 gold dragon armour of Ijus Tinikh {rPois rF+ rC+ Int-5 Dex+12}
   (You found it in the Dungeon)

   It affects your intelligence (-5).
   It affects your dexterity (+12).
   It protects you from fire.
   It protects you from cold.
   It protects you from poison.
 j - a +5 fire dragon armour
 k - a +5 gold dragon armour
 L - the +15 Maxwell's patent armour (worn) {-Cast -Tele rElec MR+ rCorr}
   (You found it in the Dungeon)

   It insulates you from electricity.
   It affects your resistance to hostile enchantments.
   It prevents spellcasting.
   It prevents most forms of teleportation.
   It protects you from acid and corrosion.
Jewellery
 l - an uncursed ring of fire
 o - an uncursed amulet of regeneration
 D - a +6 ring of dexterity
 E - a +6 ring of dexterity
 F - a +6 ring of intelligence
 G - a +6 ring of intelligence
 H - a +6 ring of strength
 I - a +6 ring of strength
 J - an uncursed ring of flight
 N - a +4 ring of intelligence
 P - an uncursed ring of protection from magic
 S - an uncursed ring of ice
 T - the ring "Situe" (right hand) {SustAt -Tele rPois MR++ Str+2}
   (You found it in the Dungeon)

   [ring of sustain attributes]

   It sustains your strength, intelligence and dexterity.
   It affects your strength (+2).
   It protects you from poison.
   It affects your resistance to hostile enchantments.
   It prevents most forms of teleportation.
 U - an uncursed ring of see invisible
 V - the ring "Buefot" (left hand) {rPois rF+ MR+ Int+2 Dex-3 SInv}
   (You found it in the Dungeon)

   [ring of see invisible]

   It affects your intelligence (+2).
   It affects your dexterity (-3).
   It protects you from fire.
   It protects you from poison.
   It affects your resistance to hostile enchantments.
   It lets you see invisible.
 X - an uncursed amulet of resist corrosion
 Y - an uncursed ring of sustain attributes
 Z - an uncursed ring of magical power
Wands
 y - a wand of disintegration (7)
 A - a wand of fire (5)
 B - a wand of cold (5)
 C - a wand of draining (5)
Scrolls
 i - 4 scrolls of blinking
 r - 3 scrolls of recharging
 s - 7 scrolls of fog
 t - a scroll of holy word
 u - 5 scrolls of identify
 v - 5 scrolls of remove curse
 w - 2 scrolls of fear
 Q - a scroll of brand weapon
Potions
 d - 9 potions of curing
 e - 9 potions of heal wounds
 f - 6 potions of haste
 g - 7 potions of magic
 h - 3 potions of berserk rage
 m - 2 potions of invisibility
 n - 4 potions of resistance
 p - 8 potions of agility
 q - 6 potions of might
Comestibles
 b - 2 chunks of flesh
 c - 5 bread rations
 x - 38 fruits
 z - 4 meat rations


   Skills:
 * Level 18.5 Fighting
 - Level 18.0 Long Blades
 * Level 17.4 Armour
 + Level 12.6 Dodging


You had 10 spell levels left.
You didn't know any spells.

Dungeon Overview and Level Annotations

Branches:
Dungeon (1/1)

Altars:
Ashenzari
Cheibriados
Dithmenos
Elyvilon
Fedhas
Gozag
Kikubaaqudgha
Makhleb
Nemelex Xobeh
Okawaru
Qazlal
Ru
Sif Muna
Trog
Vehumet
Xom
Yredelemnul
Zin
The Shining One
Beogh
Jiyva
Lugonu


Innate Abilities, Weirdness & Mutations

You reflexively headbutt those who attack you in melee.
You have a pair of horns on your head.
You are frail (-10% HP).
Your magical capacity is low (-10% MP).
You are very weak. (Str -4)


Message History

You kill the soul eater!
Trog accepts your kill.
Your life force feels restored.
The spectral bat hits you but does no damage.
The adder skeleton bites your stone giant but does no damage.
The ghoul claws you!
* * * LOW HITPOINT WARNING * * *
The ghoul claws you!
* * * LOW HITPOINT WARNING * * *
The jackal skeleton bites you but does no damage.
The spectral bat closely misses you.
Your stone giant hits the adder skeleton!!!
The adder skeleton is destroyed!
You hit the spectral bat.
You destroy the spectral bat!
Your stone giant hits the ghoul but does no damage.
The jackal skeleton closely misses you. The ghoul claws you but does no damage.
The ghoul claws you but does no damage.
The soul eater draws from the surrounding life force!
You die...

▓....8©8....▓....)....
▓..::=)))?..▓▓▓▓▓▓▓▓▓▓
▓...)[.[[...▓...8©8...
▓...........▓..})|}[..
▓...........▓...).)...
▓...........▓.........
▓....3......▓...).)...
▓Z.n..▓ ▓.........
▓▓@C.▓▓ ▓.........
▓..▓.)...▓..▓.▓.....▓.
▓...........▓.........
▓▓▓▓▓▓▓▓▓▓▓▓▓▓▓▓▓▓▓▓▓▓
▓...8©8...▓...8©8...▓.
▓..)[)))).▓..).}[...▓.
▓....[|)..▓....)}}..▓[
▓.........▓.........▓.
▓.........▓.........▓.


You could see a ghoul, a soul eater, a jackal skeleton and a friendly stone
giant (berserk).

Vanquished Creatures
  An orc high priest (D)
  A thrashing horror (D)
  A soul eater (D)
  A deep elf summoner (D)
  An octopode (shapeshifter) (D)
  3 deep elf conjurers (D)
  3 shining eyes (D)
  A guardian serpent (D)
  2 naga magi (D)
  4 black mambas (D)
  An eye of devastation (D)
  A hellwing (D)
  A polar bear (shapeshifter) (D)
  A raiju (D)
  A blink frog (shapeshifter) (D)
  A trapdoor spider (shapeshifter) (D)
  An air elemental (D)
  A neqoxec (D)
  3 deep elf magi (D)
  3 deep elf fighters (D)
  A golden eye (D)
  A tarantella (D)
  A steam dragon (D)
  A water moccasin (D)
  An insubstantial wisp (D)
  A black bear (shapeshifter) (D)
  A porcupine (D)
  A sky beast (shapeshifter) (D)
  A small abomination (D)
  2 swamp drakes (D)
  2 phantoms (D)
  4 earth elementals (D)
  3 scorpions (D)
  2 wights (D)
  A jelly (D)
  A sheep (D)
  A river rat (D)
  3 adders (D)
  A giant eyeball (D)
  An adder zombie (D)
  An ooze (D)
  An adder skeleton (D)
  2 spectral bats (D)
  2 bat zombies (D)
  A jackal (D)
  A jackal zombie (D)
70 creatures vanquished.

Vanquished Creatures (collateral kills)
  2 soul eaters (D)
  A wretched star (D)
  A hellwing (D)
  3 earth elementals (D)
  2 small abominations (D)
  An iron imp (D)
  A quasit (D)
  An adder zombie (D)
  An adder skeleton (D)
  A jackal zombie (D)
14 creatures vanquished.

Grand Total: 84 creatures vanquished

Notes
Turn   | Place    | Note
--------------------------------------------------------------
     0 | D        | Kokonut the Minotaur Berserker began the quest for the Orb.
     0 | D        | Reached XP level 1. HP: 19/19 MP: 0/0
     3 | D        | Found an iron altar of Okawaru.
     3 | D        | Found a radiant altar of Vehumet.
     3 | D        | Found a burning altar of Makhleb.
     3 | D        | Found a shimmering altar of Xom.
     3 | D        | Found a deep blue altar of Sif Muna.
     5 | D        | Found a roughly hewn altar of Beogh.
     5 | D        | Found a corrupted altar of Lugonu.
     5 | D        | Found a viscous altar of Jiyva.
     5 | D        | Found a white marble altar of Elyvilon.
     5 | D        | Found a sparkling altar of Nemelex Xobeh.
     5 | D        | Found a bloodstained altar of Trog.
    44 | D        | Entered arena 1.
    44 | D        | Noticed an air elemental
    44 | D        | Noticed an insubstantial wisp
    47 | D        | Killed an air elemental
    47 | D        | Reached skill level 8 in Fighting
    47 | D        | Reached XP level 2. HP: 34/36 MP: 1/1
    47 | D        | Reached XP level 3. HP: 38/41 MP: 2/2
    47 | D        | Reached XP level 4. HP: 45/49 MP: 3/3
    47 | D        | Reached XP level 5. HP: 51/56 MP: 4/4
    51 | D        | Killed an insubstantial wisp
    51 | D        | Reached skill level 11 in Long Blades
   166 | D        | Entered arena 2.
   166 | D        | Noticed a swamp drake
   166 | D        | Noticed a steam dragon
   166 | D        | Noticed a swamp drake
   170 | D        | Killed a steam dragon
   170 | D        | Reached skill level 13 in Long Blades
   170 | D        | Reached XP level 6. HP: 62/62 MP: 5/5
   181 | D        | Killed a swamp drake
   181 | D        | Reached skill level 14 in Long Blades
   184 | D        | Killed a swamp drake
   184 | D        | Reached ** piety under Trog
   184 | D        | Reached skill level 15 in Long Blades
   184 | D        | Reached XP level 7. HP: 64/69 MP: 6/6
   192 | D        | Got the +5 rapier "Niryll" {pierce, +Blink +Inv +Fly rC-}
   220 | D        | Entered arena 3.
   220 | D        | Noticed a scorpion
   220 | D        | Noticed a scorpion
   220 | D        | Noticed a scorpion
   220 | D        | Noticed a tarantella
   223 | D        | Killed a tarantella
   223 | D        | Reached skill level 16 in Long Blades
   225 | D        | Killed a scorpion
   227 | D        | Killed a scorpion
   227 | D        | Reached *** piety under Trog
   228 | D        | Killed a scorpion
   234 | D        | Reached **** piety under Trog
   274 | D        | Reached skill level 10 in Fighting
   274 | D        | Reached XP level 8. HP: 75/80 MP: 7/7
   275 | D        | Entered arena 4.
   275 | D        | Noticed a porcupine
   279 | D        | Killed a porcupine
   279 | D        | Reached skill level 17 in Long Blades
   281 | D        | Reached ***** piety under Trog
   295 | D        | Entered arena 5.
   295 | D        | Noticed a deep elf mage
   295 | D        | Noticed a deep elf conjurer
   295 | D        | Noticed a deep elf fighter
   295 | D        | Noticed a deep elf fighter
   295 | D        | Noticed an orc high priest
   299 | D        | Killed a deep elf fighter
   299 | D        | Reached skill level 5 in Dodging
   301 | D        | Killed a deep elf mage
   301 | D        | Received a gift from Trog
   301 | D        | Reached XP level 9. HP: 89/89 MP: 8/8
   304 | D        | Killed an orc high priest
   305 | D        | Killed a deep elf conjurer
   305 | D        | Reached skill level 10 in Armour
   306 | D        | Killed a deep elf fighter
   306 | D        | Reached skill level 18 in Long Blades
   308 | D        | Got a shimmering great sword {god gift}
   351 | D        | Entered arena 6.
   351 | D        | Noticed a jelly
   351 | D        | Noticed an eye of devastation
   351 | D        | Noticed a golden eye
   351 | D        | Noticed a shining eye
   355 | D        | Gained mutation: You are frail (-10% HP). [a shining eye]
   363 | D        | Killed a jelly
   366 | D        | Killed a shining eye
   366 | D        | Reached ****** piety under Trog
   368 | D        | Killed an eye of devastation
   368 | D        | Reached XP level 10. HP: 88/90 MP: 9/9
   368 | D        | Paralysed by a giant eyeball for 2 turns
   371 | D        | Received a gift from Trog
   380 | D        | Killed a golden eye
   396 | D        | Got the ring "Situe" {SustAt -Tele rPois MR++ Str+2}
   400 | D        | Entered arena 7.
   400 | D        | Noticed a deep elf summoner
   400 | D        | Noticed a deep elf fighter
   400 | D        | Noticed a deep elf mage
   400 | D        | Noticed a deep elf conjurer
   400 | D        | Noticed a deep elf mage
   400 | D        | Noticed a deep elf conjurer
   406 | D        | Killed a deep elf conjurer
   408 | D        | Killed a deep elf conjurer
   408 | D        | Received a gift from Trog
   411 | D        | Killed a deep elf summoner
   412 | D        | Killed a deep elf mage
   414 | D        | Killed a deep elf mage
   414 | D        | Received a gift from Trog
   415 | D        | Killed a deep elf fighter
   466 | D        | Got the ring "Buefot" {rPois rF+ MR+ Int+2 Dex-3 SInv}
   680 | D        | Entered arena 8.
   680 | D        | Noticed an earth elemental
   680 | D        | Noticed an earth elemental
   680 | D        | Noticed an earth elemental
   680 | D        | Noticed an earth elemental
   680 | D        | Noticed an earth elemental
   680 | D        | Noticed an earth elemental
   680 | D        | Noticed an earth elemental
   682 | D        | Received a gift from Trog
   685 | D        | Killed an earth elemental
   686 | D        | Killed an earth elemental
   688 | D        | Killed an earth elemental
   688 | D        | Killed an earth elemental
   689 | D        | Killed an earth elemental
   689 | D        | Reached skill level 10 in Dodging
   690 | D        | Killed an earth elemental
   690 | D        | Reached skill level 15 in Fighting
   692 | D        | Killed an earth elemental
   743 | D        | Entered arena 9.
   743 | D        | Noticed a phantom
   743 | D        | Noticed a wight
   743 | D        | Noticed a phantom
   743 | D        | Noticed a wight
   747 | D        | Killed a phantom
   748 | D        | Killed a wight
   749 | D        | Killed a wight
   751 | D        | Killed a phantom
   768 | D        | Entered arena 10.
   768 | D        | Noticed a soldier ant
   768 | D        | Noticed a shining eye
   768 | D        | Noticed a blink frog
   768 | D        | Noticed a guardian serpent
   768 | D        | Noticed a neqoxec
   768 | D        | Noticed a human
   768 | D        | Noticed a shining eye
   768 | D        | Noticed a troll
   768 | D        | Noticed a polar bear
   768 | D        | Noticed a harpy
   768 | D        | a troll changed into a harpy
   769 | D        | Received a gift from Trog
   771 | D        | a human changed into a sky beast
   772 | D        | Killed a shining eye
   774 | D        | Noticed an octopode
   774 | D        | a harpy changed into an octopode
   774 | D        | Gained mutation: You are weak. (Str -2) [a shining eye]
   776 | D        | Killed a shining eye
   779 | D        | Gained mutation: You are very weak. (Str -4) [a neqoxec]
   780 | D        | a soldier ant changed into a black bear
   780 | D        | Gained mutation: Your magical capacity is low (-10% MP). [a neqoxec]
   781 | D        | Killed a neqoxec
   783 | D        | Killed an octopode
   785 | D        | a guardian serpent changed into a trapdoor spider
   787 | D        | Received a gift from Trog
   791 | D        | Reached XP level 11. HP: 57/102 MP: 8/8
   792 | D        | Killed a polar bear
   792 | D        | Reached skill level 15 in Armour
   796 | D        | Killed a blink frog
   824 | D        | Got the +9 gold dragon armour of Ijus Tinikh {rPois rF+ rC+ Int-5 Dex+12}
   877 | D        | Entered arena 11.
   877 | D        | Noticed a raiju
   877 | D        | Noticed a small abomination
   877 | D        | Noticed a small abomination
   877 | D        | Noticed a hellwing
   877 | D        | Noticed a thrashing horror
   877 | D        | Noticed a hellwing
   878 | D        | Noticed a small abomination
   878 | D        | Noticed a quasit
   878 | D        | Noticed an iron imp
   878 | D        | Noticed a wretched star
   882 | D        | Killed a small abomination
   882 | D        | Killed a small abomination
   885 | D        | Killed a thrashing horror
   885 | D        | Killed a quasit
   887 | D        | Killed a hellwing
   887 | D        | Killed a hellwing
   887 | D        | Received a gift from Trog
   888 | D        | Killed a small abomination
   889 | D        | Killed an iron imp
   889 | D        | Killed a wretched star
   890 | D        | Killed a raiju
  1159 | D        | Entered arena 12.
  1159 | D        | Noticed a naga mage
  1159 | D        | Noticed a black mamba
  1159 | D        | Noticed a water moccasin
  1160 | D        | Noticed a black mamba
  1160 | D        | Noticed a black mamba
  1160 | D        | Noticed a guardian serpent
  1160 | D        | Noticed a black mamba
  1160 | D        | Noticed a naga mage
  1161 | D        | Received a gift from Trog
  1163 | D        | Killed a black mamba
  1163 | D        | Received a gift from Trog
  1166 | D        | Killed a guardian serpent
  1169 | D        | Killed a black mamba
  1174 | D        | Killed a naga mage
  1177 | D        | Killed a naga mage
  1177 | D        | Received a gift from Trog
  1179 | D        | Killed a black mamba
  1180 | D        | Killed a water moccasin
  1182 | D        | Killed a black mamba
  1221 | D        | Entered arena 13.
  1222 | D        | Noticed a soul eater
  1222 | D        | Noticed a soul eater
  1223 | D        | Received a gift from Trog
  1224 | D        | Noticed a soul eater
  1224 | D        | Noticed a ghoul
  1224 | D        | Noticed a soul eater
  1232 | D        | Killed a soul eater
  1234 | D        | Killed a soul eater
  1237 | D        | Killed a soul eater
  1237 | D        | HP: 5/108 [ghoul (17)]
  1238 | D        | Killed from afar by a soul eater

Action                   |  1- 3 |  4- 6 |  7- 9 | 10-12 || total
-------------------------+-------+-------+-------+-------++-------
Melee: Triple sword      |     2 |    10 |    26 |    88 ||   126
Invok: Berserk           |     1 |     1 |     2 |     4 ||     8
       Burn Spellbooks   |       |       |     2 |     5 ||     7
       Brothers in Arms  |       |       |       |     3 ||     3
       Trog's Hand       |       |       |       |     1 ||     1
  Use: Potion            |       |       |     2 |     1 ||     3
  Eat: Chunk             |       |       |     2 |     4 ||     6
       Fruit             |       |       |       |     4 ||     4
